 Dungeon Crawl Stone Soup version 0.28.0-43-g3370ac3207 (webtiles) character file.

Game seed: 10005673777640712625

16403 issech the Basher (level 12, -3/107 HPs)
             Began as a Troll Monk on Mar 26, 2022.
             Was a High Priest of Hepliaklqana.
             Killed from afar by a lava snake (17 damage)
             ... with a glob of lava
             ... in a volcano.
             The game lasted 00:47:09 (12517 turns).

issech the Basher (Troll Monk)                     Turns: 12517, Time: 00:47:09

Health: -3/107     AC:  9    Str: 22    XL:     12   Next: 9%
Magic:  11/11      EV: 14    Int:  6    God:    Hepliaklqana [*****.]
Gold:   1575       SH: 14    Dex: 16    Spells: 11/11 levels left

rFire   . . .      SeeInvis .   O - +1 morningstar (protect)
rCold   . . .      Faith    .   S - +0 tower shield
rNeg    . . .      Spirit   .   q - +0 troll leather armour
rPois   .          Reflect  .   L - +2 hat
rElec   .          Harm     .   G - +0 cloak
rCorr   .          Rampage  .   (gloves unavailable)
Will    .....                   (boots unavailable)
Stlth   ++........              (no amulet)
HPRegen 1.87/turn               U - +4 ring of slaying
MPRegen 0.12/turn               M - +4 ring of evasion

@: no status effects
A: reduced essence, large, unfitting armour, claws 3, regeneration 1, shaggy fur
1, tough skin 1
a: Renounce Religion, Recall Ancestor, Ancestor Identity, Transference, Idealise


You were in a volcano.
You worshipped Hepliaklqana.
Hepliaklqana was extremely pleased with you.
You visited 3 branches of the dungeon, and saw 15 of its levels.
You also visited: Volcano.

You collected 1575 gold pieces.

Inventory:

Hand Weapons
 B - a +1 flail of draining
 C - a +4 quarterstaff of chaos
 O - a +1 morningstar of protection (weapon)
 P - a +0 hunting sling
 Q - a +2 vampiric dagger
 T - a +4 battleaxe
 V - a +0 giant spiked club
 W - a +1 vorpal shortbow
 Y - a +3 war axe
Missiles
 b - 2 boomerangs of dispersal
 d - 5 javelins
 f - 110 arrows
 i - 329 stones
 l - 74 bolts
 r - 42 sling bullets
 t - 20 poisoned darts
 w - 12 boomerangs (quivered)
 H - 6 datura-tipped darts
 R - a curare-tipped dart
Armour
 m - the +1 robe of the Loofah {Int+2}
   (You found it on level 3 of the Dungeon)

   Int:       It affects your intelligence (+2).
 q - a +0 troll leather armour (worn)
 G - a +0 cloak (worn)
 L - a +2 hat (worn)
 S - a +0 tower shield (worn)
Jewellery
 y - a ring of see invisible
 M - a +4 ring of evasion (right claw)
 U - a +4 ring of slaying (left claw)
Wands
 n - a wand of flame (21)
 s - a wand of iceblast (17)
 J - a wand of charming (9)
Scrolls
 e - 7 scrolls of teleportation
 g - a scroll of enchant weapon
 h - 4 scrolls of enchant armour
 j - 3 scrolls of immolation
 k - a scroll of magic mapping
 o - 2 scrolls of blinking
 x - 2 scrolls of fog
 A - 3 scrolls of identify
 E - 5 scrolls of amnesia
 I - 2 scrolls of noise
 X - a scroll of vulnerability
Potions
 a - 2 potions of attraction
 c - a potion of invisibility {unknown}
 p - 4 potions of haste
 u - 4 potions of heal wounds
 v - 2 potions of brilliance
 z - 7 potions of curing
 D - a potion of magic {unknown}
 F - a potion of mutation {unknown}
 K - a potion of resistance {unknown}
 N - a potion of might {unknown}
 Z - 3 potions of flight


   Skills:
 + Level 7.8 Fighting
 + Level 12.7 Maces & Flails
 + Level 1.6 Throwing
 + Level 1.9 Armour
 + Level 7.4 Dodging
 + Level 3.0 Stealth
 + Level 4.8 Shields


You had 11 spell levels left.
You didn't know any spells.
Your spell library contained the following spells:

 Spells                   Type           Power      Damage    Failure   Level
 Beastly Appendage        Tmut           0%         N/A       98%         1
 Sandblast                Erth           0%         2d4       98%         1
 Passwall                 Tmut/Erth      0%         N/A       99%         2
 Wereblood                Tmut           0%         N/A       99%         2
 Spider Form              Tmut/Pois      0%         N/A       100%        3
 Stone Arrow              Conj/Erth      0%         3d7       100%        3


Dungeon Overview and Level Annotations

Branches:
Dungeon (12/15)            Temple (1/1) D:6            Lair (2/6) D:8
  Swamp (0/4) Lair:2          Orc (0/2) D:9         Volcano (1/1)
  Snake: Lair:2-4    Spider: Lair:2-4

Altars:
Ashenzari
Cheibriados
Dithmenos
Elyvilon
Fedhas
Gozag
Hepliaklqana
Kikubaaqudgha
Makhleb
Nemelex Xobeh
Okawaru
Qazlal
Ru
Sif Muna
Trog
Uskayaw
Vehumet
Wu Jian
Xom
Yredelemnul
Zin
The Shining One

Shops:
D:1 [   D:6 :[


Innate Abilities, Weirdness & Mutations

Your life essence is reduced to manifest your ancestor. (-10% HP)
You are too large for most types of armour.
You have claws for hands.
Your natural rate of healing is unusually fast.
You are covered in fur. (AC +1)
You have tough skin. (AC +1)


Message History

You kill the fire bat!
The air gets thick with the scent of sulphur.
Throw: 12 boomerangs
Press: ? - help, Q - select action, (/) - cycle Shift-Dir - straight line, f - lava snake
Aim: a lava snake (lava, asleep, 98% to hit)
You throw a boomerang. The boomerang hits the lava snake!
The lava snake hisses angrily.
The lava snake is heavily wounded.
In the distance, the volcano erupts with a roar.
You are engulfed in blazing flames.
The lava snake spits lava at you. The glob of lava hits you!!
Keminub is engulfed in blazing flames.
Throw: 12 boomerangs
Press: ? - help, Q - select action, (/) - cycle Shift-Dir - straight line, f/p - lava snake
Aim: a lava snake (flame, lava, heavily wounded, catching its breath, ally target, 47% to hit)
You throw a boomerang.
The boomerang closely misses the lava snake.
You are engulfed in blazing flames.
You hear an angry hiss.
A lava snake comes into view.
Keminub is engulfed in blazing flames.
You are engulfed in blazing flames.
* * * LOW HITPOINT WARNING * * *
The lava snake spits lava at you.
The glob of lava hits Keminub!
Keminub partially resists.
Keminub is engulfed in blazing flames.
The lava snake spits lava at you. The glob of lava hits you!
* * * LOW HITPOINT WARNING * * *
A fire bat comes into view.
Keminub gestures at the lava snake while chanting.
The puff of frost hits the lava snake!
The lava snake is frozen!
Something bites Keminub.
Keminub is engulfed in flames.
Keminub resists.
The glob of lava hits Keminub!
Keminub partially resists.
The lava snake spits lava at you. The glob of lava hits you!
You die...

#.≈§≈§≈≈≈§§§§≈≈≈.. #.#.
#.§§§R§§≈§≈≈≈≈§≈..##.##
#.§≈§§§≈≈§≈≈§§§§##..∩#
#..≈S§≈§≈≈§≈≈≈≈.#∩..##
#....§§≈§≈≈≈§≈§§##..#.
##...§§§≈≈≈≈≈§§§§#.##.
#....§§≈≈≈§≈≈§..###.#
#...§§≈§≈§§≈≈§...##.#
##..@§§§≈≈≈§§§.....##
##....≈≈§≈≈.§..####
#.....≈≈≈....###
###....≈.....#
##.......### #......##
##......# ##..#### ##.#


You could see the friendly Keminub the battlemage and a lava snake (catching
breath, ally target).

Vanquished Creatures
  Josephine (D:11)
  A hydra (Lair:1)
  A two-headed ogre (D:11)
  A tengu warrior (D:10)
  Pikel (D:7)
  A troll (D:11)
  2 blink frogs (Lair:1)
  2 wraiths (D:11)
  A fire bat (Volcano)
  8 yaks
  A steam dragon (D:8)
  2 vampire mosquitoes (D:10)
  4 ice beasts
  5 orc warriors
  A black bear (D:8)
  A necrophage (D:4)
  An ogre (D:5)
  A centaur (D:9)
  A lemure (D:6)
  A phantom (D:4)
  2 kobold brigands
  4 bullfrogs
  A scorpion (D:8)
  A gnoll sergeant (D:7)
  A wyvern skeleton (D:5)
  9 killer bees
  A wight (D:8)
  3 howler monkeys
  A lava snake (Volcano)
  3 centaur zombies
  A hound (D:5)
  3 jellies
  3 bullfrog skeletons
  7 orc priests
  Crazy Yiuf (D:5)
  2 gnoll shamans (D:6)
  Ijyb (D:3)
  3 iguanas
  7 orc wizards
  2 killer bee zombies
  9 gnolls
  9 adders
  2 howler monkey skeletons
  A white imp (D:3)
  2 worms (D:3)
  2 dart slugs
  27 orcs
  6 endoplasms
  A giant cockroach (D:2)
  6 goblins
  12 hobgoblins
  3 quokkas
  8 ball pythons
  6 bats
  2 frilled lizards (D:3)
  8 kobolds
  5 rats
202 creatures vanquished.

Vanquished Creatures (collateral kills)
  A hydra (Lair:2)
  A boulder beetle (D:10)
  2 two-headed ogres
  A deep elf pyromancer (D:7)
  A centaur zombie (D:10)
  A cane toad (Lair:2)
  Joseph (D:7)
  A komodo dragon (Lair:1)
  2 blink frogs (Lair:1)
  4 wraiths
  A wyvern (D:8)
  A fire bat (Volcano)
  3 yaks
  A vampire mosquito (D:10)
  5 water moccasins
  4 orc warriors
  3 lemures
  A kobold brigand (D:7)
  A bullfrog (D:9)
  5 killer bees
  2 jellies (D:6)
  A howler monkey (D:8)
  2 lava snakes (Volcano)
  2 orc priests (D:8)
  An orc wizard (D:8)
  2 gnolls (D:7)
  A shadow imp (D:7)
  19 orcs
  6 kobolds
76 creatures vanquished.

Vanquished Creatures (others)
  7 battlemagi
  29 fungi (D:8)
  21 plants
57 creatures vanquished.

Grand Total: 335 creatures vanquished

Notes
Turn   | Place    | Note
-------+----------+-------------------------------------------
     0 | D:1      | issech the Troll Monk began the quest for the Orb.
     0 | D:1      | Reached XP level 1. HP: 22/22 MP: 0/0
   221 | D:1      | Found Ismae's Antique Armour Boutique.
   470 | D:1      | Reached XP level 2. HP: 29/29 MP: 1/1
  1036 | D:2      | Reached skill level 3 in Maces & Flails
  1147 | D:2      | Reached XP level 3. HP: 35/36 MP: 2/2
  1856 | D:3      | Noticed Ijyb
  1872 | D:3      | Reached XP level 4. HP: 44/44 MP: 3/3
  1952 | D:3      | Identified the +1 robe of the Loofah {Int+2}
  2001 | D:3      | Found a faded altar of an unknown god.
  2117 | D:3      | Killed Ijyb
  2536 | D:4      | Reached skill level 4 in Maces & Flails
  2536 | D:4      | Reached XP level 5. HP: 44/52 MP: 4/4
  2779 | D:4      | Found a hide-covered altar of Uskayaw.
  2934 | D:4      | Noticed a phantom
  2951 | D:4      | Killed a phantom
  2952 | D:4      | Reached XP level 6. HP: 52/61 MP: 5/5
  3393 | D:4      | Noticed an ice beast
  3522 | D:4      | Reached skill level 5 in Maces & Flails
  3682 | D:3      | Killed an ice beast
  3683 | D:3      | Reached XP level 7. HP: 38/68 MP: 6/6
  3734 | D:5      | Entered Level 5 of the Dungeon
  4134 | D:5      | Reached skill level 6 in Maces & Flails
  4150 | D:5      | Found a runed translucent door.
  4151 | D:5      | Noticed Crazy Yiuf
  4218 | D:5      | Killed Crazy Yiuf
  4504 | D:5      | Found a white marble altar of Elyvilon.
  4661 | D:5      | Reached XP level 8. HP: 76/78 MP: 7/7
  4989 | D:6      | Found Uras's Antique Armour Emporium.
  4989 | D:6      | Found an opulent altar of Gozag.
  5077 | D:6      | Reached skill level 7 in Maces & Flails
  5303 | D:6      | Identified a scroll of acquirement
  5305 | D:6      | Acquired 862 gold pieces
  5316 | D:6      | Found Uryvig's Book Emporium.
  5337 | D:6      | Found a basalt altar of Yredelemnul.
  5381 | D:6      | Found a broken altar of Ashenzari.
  5534 | D:6      | Found a staircase to the Ecumenical Temple.
  5549 | Temple   | Entered the Ecumenical Temple
  5771 | Temple   | Became a worshipper of Hepliaklqana the Forgotten
  5771 | Temple   | Reached * piety under Hepliaklqana
  5771 | Temple   | Reached ** piety under Hepliaklqana
  5772 | Temple   | Remembered your ancestor Keminub as a battlemage
  6012 | D:6      | Reached skill level 8 in Maces & Flails
  6072 | D:7      | Reached skill level 5 in Fighting
  6088 | D:7      | Noticed Pikel
  6103 | D:7      | Killed Pikel
  6104 | D:7      | Reached XP level 9. HP: 40/79 MP: 8/8
  6186 | D:7      | Identified the +3 helmet of the Slorg {MP+9 Dex+5}
  6215 | D:7      | Noticed a deep elf pyromancer
  6226 | D:7      | Killed a deep elf pyromancer
  6227 | D:7      | Reached skill level 9 in Maces & Flails
  6227 | D:7      | Reached skill level 5 in Dodging
  6279 | D:7      | Noticed Joseph
  6575 | D:7      | Killed Joseph
  6861 | D:7      | Reached skill level 10 in Maces & Flails
  7195 | D:8      | Reached XP level 10. HP: 87/88 MP: 9/9
  7285 | D:8      | Found a staircase to the Lair.
  7521 | D:8      | Reached skill level 1 in Shields
  8137 | D:9      | Noticed a two-headed ogre
  8142 | D:9      | Killed a two-headed ogre
  8143 | D:9      | Reached skill level 11 in Maces & Flails
  8162 | D:9      | Reached *** piety under Hepliaklqana
  8345 | D:9      | Found a glowing silver altar of Zin.
  8536 | D:9      | Found a staircase to the Orcish Mines.
  8583 | D:9      | Found an ornate altar of the Wu Jian Council.
  8583 | D:9      | Found a snail-covered altar of Cheibriados.
  9133 | D:10     | Entered Level 10 of the Dungeon
  9315 | D:10     | Noticed a boulder beetle
  9326 | D:10     | Killed a boulder beetle
  9392 | D:10     | Noticed a tengu warrior
  9408 | D:10     | Killed a tengu warrior
  9409 | D:10     | Reached XP level 11. HP: 56/98 MP: 10/10
  9477 | D:10     | Found a shadowy altar of Dithmenos.
 10476 | D:11     | Noticed Josephine
 10495 | D:11     | Noticed a two-headed ogre
 10537 | D:11     | Killed a two-headed ogre
 10538 | D:11     | Reached skill level 1 in Throwing
 10644 | D:10     | Reached skill level 12 in Maces & Flails
 10698 | D:11     | Killed Josephine
 10826 | D:11     | Noticed a two-headed ogre
 10858 | D:11     | Killed a two-headed ogre
 10984 | D:11     | Reached **** piety under Hepliaklqana
 11497 | Lair:1   | Entered Level 1 of the Lair of Beasts
 11607 | Lair:1   | Noticed an eight-headed hydra
 11616 | Lair:1   | Killed an eight-headed hydra
 12016 | Lair:1   | Reached skill level 1 in Armour
 12074 | Lair:1   | Found an ancient bone altar of Kikubaaqudgha.
 12347 | Lair:2   | Noticed a four-headed hydra
 12355 | Lair:2   | Killed a four-headed hydra
 12356 | Lair:2   | Reached XP level 12. HP: 65/107 MP: 11/11
 12400 | Lair:2   | Reached ***** piety under Hepliaklqana
 12429 | Lair:2   | Found a dark tunnel.
 12434 | Volcano  | Entered a volcano
 12517 | Volcano  | Killed from afar by a lava snake

Illustrated notes

Levels and vault maps discovered:
D:1:      eino_arrival_cavern_a, layout_basic, serial_shops,
          nicolae_shop_crystal
D:2:      layout_basic, hex_intersection
D:3:      layout_loops_ring, shapermc_ecumenical_altar_ellora, minivault_4,
          minmay_misc_feat_chi, wad_floor_pattern_untrapped, uniq_ijyb
D:4:      cheibrodos_quashed, layout_cave_pods, kennysheep_mini
D:5:      layout_basic, mainiacjoe_overflow_cross_hatched,
          hangedman_abyss_or_decor_passed, kennysheep_big_empty_room,
          kennysheep_boxes, uniq_crazy_yiuf_cottage
D:6:      layout_cave_pools, lemuel_crystal_altar, mainiacjoe_overflow_chevrons,
          mainiacjoe_overflow_24_doors, minmay_temple_entry_glassed_door,
          serial_shops, nicolae_take_the_stairs, nicolae_stop_n_shop_1
D:7:      layout_rooms, chequers_serial_rivers_marsh, uniq_pikel, uniq_joseph
D:8:      layout_loops_ring, due_lair_maze_entry_diamond, special_room
          [special_room_orc], amcnicky_mini_rare_corridor_liquid
D:9:      layout_loops_corners, zin_academy, minitemple, orc_0_dummy
D:10:     minmay_evil_eye, layout_loops_corners, nicolae_dithmenos_shadow_blocks
D:11:     layout_cave_pods, uniq_josephine
D:12:     layout_loops_ring, special_room [special_room_bee],
          portal_ice_cave_rime, gauntlet_entry_generic, uniq_urug
Temple:   nicolae_temple_figure_eight
Lair:1:   layout_chaotic_city, basic_altar
Lair:2:   wander_river, layout_regular_city, palyth_hydra_swamp_entry,
          enter_volcano_4, ebering_ghost_xom
Volcano:  volcano_grotto [vgs_dualism]

Skill      XL: |  1  2  3  4  5  6  7  8  9 10 11 |
---------------+----------------------------------+-----
Maces & Flails | 3 4 5 6 8 10 11 12 | 12.7
Dodging        | 3 4 5 6 7 |  7.4
Fighting       | 3 4 5 6 7 |  7.8
Stealth        | 2 3 |  3.0
Shields        | 2 4 |  4.8
Throwing       | 1 |  1.6
Armour         | 1 |  1.9

Action                   |  1- 3 |  4- 6 |  7- 9 | 10-12 || total
-------------------------+-------+-------+-------+-------++-------
Melee: Mace              |   132 |       |       |       ||   132
       Punch             |     2 |     1 |     2 |       ||     5
       Flail             |       |   201 |    62 |       ||   263
       Giant club        |       |       |   160 |       ||   160
       Morningstar       |       |       |    37 |   336 ||   373
Throw: Boomerang         |       |       |       |    21 ||    21
Invok: Ancestor Life: Ba |       |       |     1 |       ||     1
  Use: Scroll            |     5 |     2 |     5 |     8 ||    20
 Stab: Sleeping          |     2 |       |       |     2 ||     4
       Distracted        |       |       |     1 |     6 ||     7
Armor: Robe              |    69 |    82 |   104 |    74 ||   329
       Troll leather arm |       |       |       |    26 ||    26
Dodge: Dodged            |    86 |   102 |   195 |   192 ||   575
Block: Tower shield      |       |       |     9 |   271 ||   280
